 Dungeon Crawl Stone Soup version 0.27.1-3-gb3d3a73c9e (webtiles) character file.

Game seed: 18304145960187345689

2308 BinkBink the Skirmisher (level 9, 0/56 HPs)
             Began as a Gargoyle Fighter on Oct 31, 2021.
             Was a Follower of Yredelemnul.
             Slain by an unseen horror (2 damage)
             ... on level 7 of the Dungeon.
             The game lasted 00:30:50 (9705 turns).

BinkBink the Skirmisher (Gargoyle Fighter)          Turns: 9705, Time: 00:30:50

Health: 0/56       AC: 15    Str: 25    XL:     9   Next: 41%
Magic:  14/14      EV: 13    Int: 12    God:    Yredelemnul [*.....]
Gold:   284        SH: 11    Dex: 10    Spells: 14/15 levels left

rFire    . . .     SeeInvis .   u - +4 flail (vorpal)
rCold    . . .     Faith    .   c - +0 kite shield
rNeg     + . .     Spirit   .   b - +0 scale mail
rPois    ∞         Reflect  .   (no helmet)
rElec    +         Harm     .   d - scarf {shadows}
rCorr    .         Rampage  .   v - +0 pair of gloves
Will     .....                  (no boots)
Stlth    ..........             (no amulet)
HPRegen  0.18/turn              e - +6 ring of strength
MPRegen  0.14/turn              r - +4 ring of evasion

@: hasted, very quick
A: sickness immunity, AC +6, negative energy resistance 1, electricity
resistance, torment resistance 1, petrification resistance
a: Renounce Religion, Animate Remains


You were on level 7 of the Dungeon.
You worshipped Yredelemnul.
Yredelemnul was aware of your devotion.
You visited 1 branch of the dungeon, and saw 7 of its levels.
You also visited: Sewer.

You collected 284 gold pieces.

Inventory:

Hand Weapons
 u - a +4 vorpal flail (weapon)
Armour
 b - a +0 scale mail (worn)
 c - a +0 kite shield (worn)
 d - a scarf of shadows (worn)
 m - a +1 robe of the Archmagi
 v - a +0 pair of gloves (worn)
Jewellery
 e - a +6 ring of strength (left hand)
 r - a +4 ring of evasion (right hand)
Wands
 i - a wand of paralysis (12)
Scrolls
 f - 2 scrolls of fog
 g - a scroll of identify
 h - 3 scrolls of amnesia
 j - a scroll of summoning {unknown}
 o - 6 scrolls of enchant armour
 q - 2 scrolls of immolation
 s - 2 scrolls of blinking {unknown}
 t - a scroll of fear {unknown}
Potions
 a - a potion of attraction {unknown}
 k - 2 potions of might
 l - 3 potions of brilliance
 n - a potion of haste
 p - a potion of invisibility {unknown}


   Skills:
 * Level 6.7 Fighting
 + Level 6.7 Maces & Flails
 + Level 6.0 Armour
 + Level 2.3 Dodging
 - Level 0.6 Stealth
 * Level 6.6 Shields
 * Level 3.9 Spellcasting


You had 14 spell levels left.
You knew the following spells:

 Your Spells              Type           Power      Damage    Failure   Level
a - Animate Skeleton      Necr           4%         N/A       83%         1

Your spell library contained the following spells:

 Spells                   Type           Power      Damage    Failure   Level
 Apportation              Tloc           4%         N/A       83%         1
 Corona                   Hex            2%         N/A       83%         1
 Shock                    Conj/Air       8%         1d3       83%         1
 Summon Small Mammal      Summ           8%         N/A       83%         1
 Swiftness                Air            2%         N/A       99%         3
 Airstrike                Air            1%         N/A       100%        4
 Cause Fear               Hex            1%         N/A       100%        4
 Fireball                 Conj/Fire      1%         3d3       100%        5
 Starburst                Conj/Fire      1%         6d3       100%        6
 Dragon Form              Tmut           1%         N/A       100%        7
 Ignition                 Fire           1%         3d3       100%        8
 Dragon's Call            Summ           1%         N/A       100%        9


Dungeon Overview and Level Annotations

Branches:
Dungeon (7/15)             Temple (0/1) D:7           Sewer (visited)

Altars:
Cheibriados
Hepliaklqana
Nemelex Xobeh
Qazlal
Wu Jian
Xom
Yredelemnul

Shops:
D:3 !


Innate Abilities, Weirdness & Mutations

You are immune to sickness and miasma.
Your stone body is resilient. (AC +6)
You are immune to poison.
You resist negative energy. (rN+)
You are resistant to electric shocks. (rElec)
You are resistant to unholy torment.
You are immune to petrification.


Message History

Something hits you. Something hits you but does no damage.
Something hits you but does no damage. Something barely misses you.
You hit something. You block something's attack.
Something hits you but does no damage. Something hits you!
Items here: )) [[.
Something hits you. Something hits you. Something hits you but does no damage.
Something barely misses you.
Something hits you but does no damage. x2
You miss something. Something hits you but does no damage. Something hits you!
You closely miss something. Something hits you but does no damage.
Something hits you!
* * * LOW HITPOINT WARNING * * *
You miss something.
Something hits you but does no damage. x2
You sock something! Something hits you.
* * * LOW HITPOINT WARNING * * *
You block something's attack. Something hits you but does no damage.
Okay, then.
You sock something! Something hits you but does no damage.
You block something's attack. Something hits you!
* * * LOW HITPOINT WARNING * * *
Okay, then.
You block something's attack. Something hits you but does no damage.
Something hits you.
* * * LOW HITPOINT WARNING * * *
Something hits you but does no damage. Something hits you but does no damage.
Something hits you but does no damage. Something completely misses you.
Something hits you.
* * * LOW HITPOINT WARNING * * *
You feel yourself speed up. Something hits you but does no damage.
Something hits you but does no damage. Something hits you but does no damage.
You block something's attack.
Items here: )) [[ †.
Something hits you.
You die...
Your body rises from the dead as a mindless zombie.

#... .#. #..# #.# #..# #.#
#..# #.# #..# #.# #..# #.#
####..########.######
#...(...#))@)......(#
♣'♣♣♣+♣.#)####.####.#
♣.....♣.#.# #.# #.#
♣.♣♣♣.♣...# #.####.### ###
##♣.....♣...# ##.##.....###.##
#.'.._..+...# #..##.....##...#
#.♣.....♣...###.#.............
#.♣.♣♣♣.♣...##....#.....##...#
#.♣....^♣.#.##..###.....###.##


There were no monsters in sight!

Vanquished Creatures
  Menkaure (D:5)
  A water moccasin (D:6)
  An orc warrior (D:7)
  A black bear (D:6)
  2 necrophages (D:6)
  2 ogres
  A centaur (D:6)
  6 kobold brigands
  2 scorpions (D:6)
  A water moccasin skeleton (D:6)
  4 wights (D:7)
  A bullfrog zombie (D:6)
  A gnoll shaman (D:6)
  2 orc priests
  A hound (D:5)
  A jelly (D:3)
  4 iguanas
  2 orc wizards
  A mummy (D:6)
  16 gnolls
  7 adders
  2 river rats (Sewer)
  A shadow imp (D:6)
  A white imp (D:6)
  4 worms
  3 dart slugs
  22 orcs
  6 ball pythons
  6 bats
  18 endoplasms
  4 giant cockroaches
  5 goblins (D:1)
  8 hobgoblins
  4 jackals (D:2)
  7 quokkas
  3 frilled lizards
  20 kobolds
  11 rats
183 creatures vanquished.

Notes
Turn   | Place    | Note
-------+----------+-------------------------------------------
     0 | D:1      | BinkBink the Gargoyle Fighter began the quest for the Orb.
     0 | D:1      | Reached XP level 1. HP: 14/14 MP: 1/1
   213 | D:1      | Reached XP level 2. HP: 19/19 MP: 2/2
   763 | D:1      | Reached XP level 3. HP: 24/24 MP: 3/3
  1420 | D:2      | Reached XP level 4. HP: 23/29 MP: 4/4
  1433 | D:2      | HP: 1/29 [gnoll (3)]
  1443 | D:2      | HP: 1/29 [gnoll (2)]
  2142 | D:2      | Reached XP level 5. HP: 33/33 MP: 5/5
  2428 | D:3      | Found Rifyxu's Distillery.
  2803 | D:3      | Found a glowing drain.
  2818 | Sewer    | Entered a sewer
  2883 | Sewer    | Noticed a kobold brigand
  2899 | Sewer    | Killed a kobold brigand
  2900 | Sewer    | Reached XP level 6. HP: 24/38 MP: 6/6
  3268 | Sewer    | Reached skill level 1 in Dodging
  3465 | Sewer    | Reached skill level 1 in Spellcasting
  3634 | Sewer    | Reached XP level 7. HP: 23/44 MP: 7/9
  4561 | D:3      | Found a hazy altar of Hepliaklqana.
  4562 | D:3      | Found a shimmering altar of Xom.
  4563 | D:3      | Noticed a spectral ugly thing
  5057 | D:4      | Found an ornate altar of the Wu Jian Council.
  5177 | D:4      | Reached skill level 5 in Shields
  5979 | D:5      | Entered Level 5 of the Dungeon
  5991 | D:5      | Reached skill level 5 in Fighting
  6392 | D:5      | Noticed Menkaure
  6650 | D:5      | Killed Menkaure
  6651 | D:5      | Reached XP level 8. HP: 32/49 MP: 11/11
  6815 | D:5      | Reached skill level 5 in Maces & Flails
  6815 | D:5      | Reached skill level 5 in Armour
  7623 | D:6      | Found a basalt altar of Yredelemnul.
  7626 | D:6      | Became a worshipper of Yredelemnul the Dark
  7850 | D:6      | Found a snail-covered altar of Cheibriados.
  8112 | D:6      | Found a sparkling altar of Nemelex Xobeh.
  8267 | D:6      | Reached XP level 9. HP: 41/55 MP: 12/14
  8267 | D:6      | Reached * piety under Yredelemnul
  8624 | D:5      | Learned a level 1 spell: Animate Skeleton
  9194 | D:7      | Found a staircase to the Ecumenical Temple.
  9497 | D:7      | Found a stormy altar of Qazlal.
  9699 | D:7      | HP: 1/56 [something (3)]
  9705 | D:7      | Slain by an unseen horror

Illustrated notes

Levels and vault maps discovered:
D:1:      minmay_arrival_wavy_path, layout_basic, nrook_mini_backslash,
          hangedman_decor_lopped
D:2:      layout_loops_ring
D:3:      layout_basic, regret_index_temple_of_mockery, serial_shops, shop,
          gup_sewer_entry_pipe, supply_closet_lemuel
D:4:      layout_rooms, lemuel_tele_altar
D:5:      cheibrodos_thug_alley, layout_gridville, uniq_menkaure
D:6:      layout_basic, lemuel_doored_altar, slow_altar_2,
          nemelex_spade_bored_becter, minmay_diced_spiral
D:7:      layout_loops_ring, nicolae_uskayaw_suspiria,
          mainiacjoe_overflow_six_doors_small, minmay_temple_entry_mini_moons,
          due_unseen_surprise

Skill      XL: |  1  2  3  4  5  6  7  8  9 |
---------------+----------------------------+-----
Shields        | 4 5 6 |  6.6
Fighting       | 4 5 6 |  6.7
Maces & Flails | 3 4 6 |  6.7
Armour         | 4 5 6 |  6.0
Dodging        | 1 2 |  2.3
Spellcasting   | 1 2 3 |  3.9
Stealth        | |  0.6

Action                   |  1- 3 |  4- 6 |  7- 9 || total
-------------------------+-------+-------+-------++-------
Melee: Flail             |   117 |   230 |   410 ||   757
  Use: Potion            |       |     5 |     1 ||     6
       Scroll            |       |     3 |     5 ||     8
Armor: Scale mail        |    57 |   113 |   187 ||   357
Dodge: Dodged            |    38 |    76 |   186 ||   300
Block: Kite shield       |    58 |   127 |   220 ||   405
